 Dungeon Crawl Stone Soup version 0.15-a0-258-g027b8cd (webtiles) character file.

399 MrRokkomies the Jinx (level 6, -2/41 HPs)
             Began as a Vampire Enchanter on Apr 26, 2014.
             Was an Initiate of Okawaru.
             Slain by a scorpion (8 damage)
             ... on Level 4 of the Dungeon on Apr 27, 2014.
             The game lasted 00:12:25 (4969 turns).

MrRokkomies the Jinx (Vampire Enchanter)            Turns: 4969, Time: 00:12:25

HP  -2/41        AC  3     Str  7      XL: 6   Next:  8%
MP  10/10        EV 13     Int 19      God: Okawaru [......]
Gold 112         SH  0     Dex 14      Spells:  3 memorised,  3 levels left

rFire  . . .     SeeInvis +     a - +2,+1 dagger
rCold  + . .     Clarity  .     b - +1 robe
rNeg   + + .     Conserve .     (no shield)
rPois  +         rCorr    .     (no helmet)
rElec  .         rRot     +     (no cloak)
SustAb . .       Spirit   .     (no gloves)
rMut   .         Warding  .     (no boots)
Saprov . . .     Stasis   .     (no amulet)
MR     .....                    (no ring)
                                (no ring)

@: regenerating slowly, not resistant to hostile enchantments, stealthy
A: bottle blood, fangs 3, see invisible, unbreathing
a: Bat Form, Bottle Blood, Renounce Religion


You were on level 4 of the Dungeon.
You worshipped Okawaru.
Okawaru was noncommittal.
You were very thirsty.

You visited 1 branch of the dungeon, and saw 4 of its levels.

You collected 112 gold pieces.

Inventory:

Hand weapons
 a - a +2,+1 dagger (weapon)
 i - a +0,+0 sling
Missiles
 d - 12 darts (quivered)
 k - 13 arrows
 n - 12 stones
 r - 12 poisoned needles
Armour
 b - a +1 robe (worn)
Magical devices
 l - a wand of invisibility (4)
 m - a wand of magic darts (11)
Scrolls
 f - 3 scrolls of remove curse
 o - a scroll of enchant weapon II {unknown}
 p - a scroll of fog {unknown}
 q - a scroll of enchant weapon I
 s - 2 scrolls of random uselessness {unknown}
Potions
 e - a potion of paralysis {unknown}
 g - 2 potions of curing
 h - a potion of might {unknown}
 j - a potion of restore abilities {unknown}
Books
 c - a book of Maledictions

   Spells                             Type                      Level
   *Corona                            Hexes                        1
   Sure Blade                         Hexes/Charms                 2
   *Ensorcelled Hibernation           Hexes/Ice                    2
   *Confuse                           Hexes                        3
   Dazzling Spray                     Conjuration/Hexes            3
   Enslavement                        Hexes                        4


   Skills:
 + Level 4.1 Short Blades
 - Level 0.7 Throwing
 * Level 2.5 Dodging
 - Level 3.0 Stealth
 - Level 2.0 Spellcasting
 - Level 8.1 Hexes


You had 3 spell levels left.
You knew the following spells:

 Your Spells              Type           Power        Failure   Level  Hunger
a - Corona                Hex            ####...      1%          1    #......
b - Ensorcelled Hibernat  Hex/Ice        ###...       6%          2    ##.....
c - Confuse               Hex            ####....     1%          3    ####...


Dungeon Overview and Level Annotations

Branches:
Dungeon (4/15)
 Temple: D:4-7

Altars:
Okawaru
Vehumet

Annotations:
D:3 E1999's ghost, average DECj


Innate Abilities, Weirdness & Mutations

You heal slowly.
You can bottle blood from corpses.
You have razor-sharp teeth.*
You have supernaturally acute eyesight.
You can survive without breathing.*


Message History

The scorpion is almost dead.
The scorpion stings you.
You hit the scorpion but do no damage.
The scorpion is almost dead.
You closely miss the scorpion.
The scorpion is almost dead.
The scorpion stings you.
You hit the scorpion but do no damage.
The scorpion is almost dead.
The scorpion stings you.
* * * LOW HITPOINT WARNING * * *
You hit the scorpion but do no damage.
You bite the scorpion, but do no damage.
The scorpion is almost dead.
The scorpion stings you.
* * * LOW HITPOINT WARNING * * *
You hit the scorpion but do no damage.
The scorpion is almost dead.
The scorpion stings you!
You die...

#...# #...#######
## #.......... ...
#...####### ##
####...# # #......#
... #...##.# .... .
#...##.##..........
#.................(
##@###.##.>........
#s# #.# ###.#.# #.#
#.# #.#.# #.# #.#
#>#.### #.# #.#
#.#.... #.# #.#
#.#.... #.# #.#
#.#.... #.# #.#
#...... #.#
#.########.... #.#
#.#..........#


You could see a scorpion.

Vanquished Creatures
  A scorpion (D:4)
  2 orc wizards (D:4)
  A worker ant (D:4)
  6 adders
  A worm (D:4)
  A giant eyeball (D:4)
  A giant gecko (D:2)
  An ooze (D:1)
  13 orcs
  5 giant cockroaches
  13 goblins
  10 hobgoblins
  4 jackals
  8 kobolds
  A quokka (D:4)
  5 bats
  5 giant newts
  A hobgoblin skeleton (D:4)
  7 rats
86 creatures vanquished.

Notes
Turn   | Place    | Note
--------------------------------------------------------------
     0 | D:1      | MrRokkomies, the Vampire Enchanter, began the quest for the Orb.
     0 | D:1      | Reached XP level 1. HP: 13/13 MP: 3/3
   392 | D:1      | Reached skill level 5 in Hexes
   445 | D:1      | Reached XP level 2. HP: 13/19 MP: 4/4
   449 | D:1      | Learned a level 2 spell: Ensorcelled Hibernation
  1488 | D:1      | Reached XP level 3. HP: 16/24 MP: 6/6
  1915 | D:2      | Found a radiant altar of Vehumet.
  2271 | D:2      | Reached skill level 6 in Hexes
  2977 | D:2      | Found an iron altar of Okawaru.
  3049 | D:2      | Became a worshipper of Warmaster Okawaru
  3186 | D:3      | Reached XP level 4. HP: 25/30 MP: 2/7
  3474 | D:3      | Noticed E1999's ghost (average DECj)
  3533 | D:4      | Reached skill level 7 in Hexes
  3533 | D:4      | Reached XP level 5. HP: 15/35 MP: 3/9
  3987 | D:4      | Reached skill level 8 in Hexes
  3992 | D:4      | Learned a level 3 spell: Confuse
  3994 | D:4      | Acquired Okawaru's first power
  4065 | D:4      | Upgraded the game from 0.15-a0-244-g7dd1917 to 0.15-a0-258-g027b8cd
  4383 | D:4      | Reached XP level 6. HP: 12/41 MP: 6/10
  4969 | D:4      | Slain by a scorpion

Action                   |  1- 3 |  4- 6 || total
-------------------------+-------+-------++-------
Melee: Dagger            |   184 |   183 ||   367
Throw: Dart              |       |     4 ||     4
 Cast: Ensorcelled Hiber |    10 |    26 ||    36
Evoke: Wand              |     1 |     1 ||     2
  Use: Scroll            |     3 |       ||     3
       Potion            |       |     1 ||     1
 Stab: Sleeping          |    11 |    20 ||    31
